TOP OF THE 1ST |
St Charles Sheens batting - Pitching for San Francisco Bandits : RHP Bob Cunningham
|
Pitching: RHP Bob Cunningham
|
|
Batting: LHB Gene Cooper
|
0-0: Foul Ball, location: 2F 0-1: Foul Ball, location: 2F 0-2: Ball 1-2: Strikes out swinging
|
Batting: RHB Dan Tyler
|
0-0: Bunt for hit - play at first, batter OUT! 1-3
|
Batting: LHB Jason Lambert
|
0-0: Called Strike 0-1: Foul Ball, location: 2F 0-2: Ball 1-2: Ball 2-2: Ground out 5-3 (Groundball, 56)
|
Top of the 1st over - 0 run(s), 0 hit(s), 0 error(s), 0 left on base; St Charles 0 - San Francisco 0 |
BOTTOM OF THE 1ST |
San Francisco Bandits batting - Pitching for St Charles Sheens : RHP Tsugahara Suzuki
|
Pitching: RHP Tsugahara Suzuki
|
|
Batting: RHB Pete Rideout
|
0-0: Called Strike 0-1: Ball 1-1: Swinging Strike 1-2: Ball 2-2: Strikes out swinging
|
Batting: RHB Javier Ramírez
|
0-0: Called Strike 0-1: Ball 1-1: Fly out, F8 (Flyball, 89S)
|
Batting: LHB Jerry Bryan
|
0-0: Ball 1-0: Called Strike 1-1: Foul Ball, location: 2F 1-2: Foul Ball, location: 2F 1-2: Strikes out swinging
|
Bottom of the 1st over - 0 run(s), 0 hit(s), 0 error(s), 0 left on base; St Charles 0 - San Francisco 0 |
TOP OF THE 2ND |
St Charles Sheens batting - Pitching for San Francisco Bandits : RHP Bob Cunningham
|
Batting: RHB Judson Backstrom
|
0-0: Ball 1-0: Foul Ball, location: 2F 1-1: SINGLE (Groundball, 34S)
|
Batting: LHB Juan Jose Rojas
|
0-0: Swinging Strike 0-1: Ball 1-1: Ground out 5-3 (Groundball, 15S) Judson Backstrom to second
|
Batting: LHB Stan Bates
|
0-0: Called Strike 0-1: Ball 1-1: SINGLE (Line Drive, 34) Judson Backstrom to third
|
Batting: RHB Guillermo Sánchez
|
0-0: Swinging Strike 0-1: Fly out, F9 (Flyball, 9M) Runner from 3rd tags up, SCORES, throw made
|
Batting: RHB Max Rash
|
0-0: Ball 1-0: Fielders Choice at 2nd, 6-4 (Groundball, 6)
|
Top of the 2nd over - 1 run(s), 2 hit(s), 0 error(s), 0 left on base; St Charles 1 - San Francisco 0 |
BOTTOM OF THE 2ND |
San Francisco Bandits batting - Pitching for St Charles Sheens : RHP Tsugahara Suzuki
|
Batting: RHB Dale Taylor
|
0-0: Called Strike 0-1: Ball 1-1: Ball 2-1: Ground out 5-3 (Groundball, 56)
|
Batting: RHB Bob Orr
|
0-0: Foul Ball, location: 2F 0-1: Ball 1-1: Foul Ball, location: 2F 1-2: Ball 2-2: Ground out 5-3 (Groundball, 56)
|
Batting: RHB Emílio Bruno
|
0-0: Foul Ball, location: 2F 0-1: Ball 1-1: Ball 2-1: Called Strike 2-2: Foul Ball, location: 2F 2-2: SINGLE (Line Drive, 7LS)
|
Batting: RHB Glenn Melican
|
0-0: Fielders Choice at 2nd, 6-4 (Groundball, 6)
|
Bottom of the 2nd over - 0 run(s), 1 hit(s), 0 error(s), 0 left on base; St Charles 1 - San Francisco 0 |
TOP OF THE 3RD |
St Charles Sheens batting - Pitching for San Francisco Bandits : RHP Bob Cunningham
|
Batting: SHB Theron Harper
|
0-0: Ball 1-0: Ball 2-0: Ball 3-0: Ground out U3 (Groundball, 3)
|
Batting: LHB Gene Cooper
|
0-0: Ball 1-0: Fly out, F4 (Line Drive, 4M)
|
Batting: RHB Dan Tyler
|
0-0: Called Strike 0-1: SINGLE (Flyball, 9LS)
|
Batting: LHB Jason Lambert
|
0-0: Called Strike 0-1: Ground out 4-3 (Groundball, 4)
|
Top of the 3rd over - 0 run(s), 1 hit(s), 0 error(s), 1 left on base; St Charles 1 - San Francisco 0 |
BOTTOM OF THE 3RD |
San Francisco Bandits batting - Pitching for St Charles Sheens : RHP Tsugahara Suzuki
|
Batting: RHB David Crespo
|
0-0: Called Strike 0-1: Ball 1-1: Ball 2-1: Ground out 1-3 (Groundball, 23)
|
Batting: RHB Sadao Kato
|
0-0: Called Strike 0-1: Swinging Strike 0-2: SINGLE (Groundball, 34)
|
Batting: RHB Pete Rideout
|
0-0: Ball 1-0: Fielders Choice at 2nd, 5-4 (Groundball, 5L)
|
Batting: RHB Javier Ramírez
|
0-0: Called Strike Pete Rideout steals 2nd base 0-1: Called Strike 0-2: Ball 1-2: Foul Ball, location: 2F 1-2: Ball 2-2: Strikes out swinging
|
Bottom of the 3rd over - 0 run(s), 1 hit(s), 0 error(s), 1 left on base; St Charles 1 - San Francisco 0 |
TOP OF THE 4TH |
St Charles Sheens batting - Pitching for San Francisco Bandits : RHP Bob Cunningham
|
Batting: RHB Judson Backstrom
|
0-0: Fly out, F7 (Flyball, 78M)
|
Batting: LHB Juan Jose Rojas
|
0-0: Foul Ball, location: 2F 0-1: Ball 1-1: Foul Ball, location: 2F 1-2: Ground out 4-3 (Groundball, 34D)
|
Batting: LHB Stan Bates
|
0-0: Called Strike 0-1: Called Strike 0-2: Fly out, F7 (Flyball, 7M)
|
Top of the 4th over - 0 run(s), 0 hit(s), 0 error(s), 0 left on base; St Charles 1 - San Francisco 0 |
BOTTOM OF THE 4TH |
San Francisco Bandits batting - Pitching for St Charles Sheens : RHP Tsugahara Suzuki
|
Batting: LHB Jerry Bryan
|
0-0: Ball 1-0: Called Strike 1-1: Swinging Strike 1-2: Strikes out swinging
|
Batting: RHB Dale Taylor
|
0-0: Swinging Strike 0-1: Foul Ball, location: 2F 0-2: Ball 1-2: Ball 2-2: Ground out 5-3 (Groundball, 15S)
|
Batting: RHB Bob Orr
|
0-0: Ball 1-0: Ball 2-0: Ground out 5-3 (Groundball, 56)
|
Bottom of the 4th over - 0 run(s), 0 hit(s), 0 error(s), 0 left on base; St Charles 1 - San Francisco 0 |
TOP OF THE 5TH |
St Charles Sheens batting - Pitching for San Francisco Bandits : RHP Bob Cunningham
|
Batting: RHB Guillermo Sánchez
|
0-0: Ball 1-0: Called Strike 1-1: Foul Ball, location: 2F 1-2: SINGLE (Line Drive, 9LS)
|
Batting: RHB Max Rash
|
0-0: Fly out, F7 (Flyball, 78D)
|
Batting: SHB Theron Harper
|
0-0: Called Strike 0-1: Called Strike 0-2: Strikes out swinging
|
Batting: LHB Gene Cooper
|
0-0: Foul Ball, location: 2F 0-1: Ground out 4-3 (Groundball, 4)
|
Top of the 5th over - 0 run(s), 1 hit(s), 0 error(s), 1 left on base; St Charles 1 - San Francisco 0 |
BOTTOM OF THE 5TH |
San Francisco Bandits batting - Pitching for St Charles Sheens : RHP Tsugahara Suzuki
|
Batting: RHB Emílio Bruno
|
0-0: Called Strike 0-1: Ball 1-1: SINGLE (Line Drive, 6MD)
|
Batting: RHB Glenn Melican
|
0-0: Ball 1-0: Fielders Choice at 2nd, 5-4 (Groundball, 56)
|
Batting: RHB David Crespo
|
0-0: Called Strike Glenn Melican is caught stealing 2nd base 0-1: Ground out 5-3 (Groundball, 56)
|
Bottom of the 5th over - 0 run(s), 1 hit(s), 0 error(s), 0 left on base; St Charles 1 - San Francisco 0 |
TOP OF THE 6TH |
St Charles Sheens batting - Pitching for San Francisco Bandits : RHP Bob Cunningham
|
Batting: RHB Dan Tyler
|
0-0: Foul Ball, location: 2F 0-1: Bunt missed! 0-2: Ball 1-2: Ball 2-2: Ball 3-2: Base on Balls
|
Batting: LHB Jason Lambert
|
0-0: Swinging Strike 0-1: Foul Ball, location: 2F 0-2: Foul Ball, location: 2F 0-2: Foul Ball, location: 2F 0-2: Ball 1-2: Ball Wild Pitch! Dan Tyler to second 2-2: Ball 3-2: Base on Balls
|
Batting: RHB Judson Backstrom
|
0-0: Called Strike 0-1: Swinging Strike 0-2: Ball 1-2: Foul Ball, location: 2F 1-2: Ball 2-2: Foul Ball, location: 2F 2-2: SINGLE (Groundball, 34S) Dan Tyler to third Jason Lambert to second Runner from 3rd tries for Home, SAFE, throw made home Jason Lambert to third Judson Backstrom to second
|
Batting: LHB Juan Jose Rojas
|
0-0: Ball 1-0: Called Strike 1-1: Fly out, F6 (Popup, 6S)
|
Batting: LHB Stan Bates
|
0-0: Called Strike 0-1: Ball 1-1: Ball 2-1: Ground out 4-3 (Groundball, 13)
|
Batting: RHB Guillermo Sánchez
|
0-0: Called Strike 0-1: Ball 1-1: Fly out, F7 (Flyball, 7D)
|
Top of the 6th over - 1 run(s), 1 hit(s), 0 error(s), 2 left on base; St Charles 2 - San Francisco 0 |
BOTTOM OF THE 6TH |
San Francisco Bandits batting - Pitching for St Charles Sheens : RHP Tsugahara Suzuki
|
Batting: RHB Sadao Kato
|
0-0: Called Strike 0-1: Ball 1-1: Swinging Strike 1-2: Ball 2-2: Ground out 6-3 (Groundball, 6M)
|
Batting: RHB Pete Rideout
|
0-0: Ball 1-0: Ground out 5-3 (Groundball, 5S)
|
Batting: RHB Javier Ramírez
|
0-0: Called Strike 0-1: Ball 1-1: Swinging Strike 1-2: Ball 2-2: Ball 3-2: Foul Ball, location: 2F 3-2: Base on Balls
|
Batting: LHB Jerry Bryan
|
0-0: Ball 1-0: Called Strike 1-1: Ball 2-1: Foul Ball, location: 2F 2-2: Ball 3-2: Foul Ball, location: 2F 3-2: Foul Ball, location: 2F 3-2: Ground out 5-3 (Groundball, 56)
|
Bottom of the 6th over - 0 run(s), 0 hit(s), 0 error(s), 1 left on base; St Charles 2 - San Francisco 0 |
TOP OF THE 7TH |
St Charles Sheens batting - Pitching for San Francisco Bandits : RHP Bob Cunningham
|
Batting: RHB Max Rash
|
0-0: Ball 1-0: Ground out 4-3 (Groundball, 4)
|
Batting: SHB Theron Harper
|
0-0: Called Strike 0-1: Ground out U3 (Groundball, 3S)
|
Batting: LHB Gene Cooper
|
0-0: Called Strike 0-1: Ball 1-1: Ball 2-1: Swinging Strike 2-2: Strikes out swinging
|
Top of the 7th over - 0 run(s), 0 hit(s), 0 error(s), 0 left on base; St Charles 2 - San Francisco 0 |
BOTTOM OF THE 7TH |
San Francisco Bandits batting - Pitching for St Charles Sheens : RHP Tsugahara Suzuki
|
Batting: RHB Dale Taylor
|
0-0: Ball 1-0: Swinging Strike 1-1: Ball 2-1: Foul Ball, location: 2F 2-2: Ball 3-2: Strikes out swinging
|
Batting: RHB Bob Orr
|
0-0: Called Strike 0-1: Foul Ball, location: 2F 0-2: Foul Ball, location: 2F 0-2: Ball 1-2: Ground out 4-3 (Groundball, 4)
|
Batting: RHB Emílio Bruno
|
0-0: Called Strike 0-1: Ball 1-1: Ball 2-1: Foul Ball, location: 2F 2-2: Ball 3-2: Foul Ball, location: 2F 3-2: Foul Ball, location: 2F 3-2: Base on Balls
|
Batting: RHB Glenn Melican
|
0-0: Fielders Choice at 2nd, U6 (Groundball, 6M)
|
Bottom of the 7th over - 0 run(s), 0 hit(s), 0 error(s), 1 left on base; St Charles 2 - San Francisco 0 |
TOP OF THE 8TH |
St Charles Sheens batting - Pitching for San Francisco Bandits : RHP Bob Cunningham
|
Batting: RHB Dan Tyler
|
0-0: Swinging Strike 0-1: Ball 1-1: Swinging Strike 1-2: Ground out 1-3 (Groundball, 15)
|
Batting: LHB Jason Lambert
|
0-0: DOUBLE (Groundball, 5L)
|
Batting: RHB Judson Backstrom
|
0-0: Called Strike 0-1: Fly out, F9 (Flyball, 9S)
|
Batting: LHB Juan Jose Rojas
|
0-0: SINGLE (Line Drive, 8RS) Jason Lambert to third Runner from 3rd tries for Home, SAFE, throw made home
|
Batting: LHB Stan Bates
|
0-0: Ball 1-0: Fly out, F8 (Flyball, 8RM)
|
Top of the 8th over - 1 run(s), 2 hit(s), 0 error(s), 1 left on base; St Charles 3 - San Francisco 0 |
BOTTOM OF THE 8TH |
San Francisco Bandits batting - Pitching for St Charles Sheens : RHP Tsugahara Suzuki
|
Batting: RHB David Crespo
|
0-0: Called Strike 0-1: Ball 1-1: Foul Ball, location: 2F 1-2: Ball 2-2: Strikes out looking
|
Batting: RHB Sadao Kato
|
0-0: Ball 1-0: Foul Ball, location: 2F 1-1: Swinging Strike 1-2: Foul Ball, location: 2F 1-2: Ball 2-2: Strikes out looking
|
Batting: RHB Pete Rideout
|
0-0: DOUBLE (Groundball, 5L)
|
Pitching: RHP Juan Rivera
|
|
Batting: RHB Javier Ramírez
|
0-0: Ball Wild Pitch! Pete Rideout to third 1-0: Foul Ball, location: 2F 1-1: Ball 2-1: Fly out, F4 (Popup, 8RS)
|
Bottom of the 8th over - 0 run(s), 1 hit(s), 0 error(s), 1 left on base; St Charles 3 - San Francisco 0 |
TOP OF THE 9TH |
St Charles Sheens batting - Pitching for San Francisco Bandits : RHP Bob Cunningham
|
Batting: RHB Guillermo Sánchez
|
0-0: Ball 1-0: Ball 2-0: Called Strike 2-1: Ball 3-1: Base on Balls
|
Batting: RHB Max Rash
|
0-0: Sac Bunt - play at first, batter OUT! 1-3 Guillermo Sánchez to second
|
Batting: SHB Theron Harper
|
0-0: Ball 1-0: Called Strike 1-1: Ball 2-1: SINGLE (Line Drive, 9S) Guillermo Sánchez to third
|
Batting: LHB Gene Cooper
|
0-0: Swinging Strike 0-1: Called Strike 0-2: Ball 1-2: Foul Ball, location: 2F 1-2: Ball Theron Harper is caught stealing 2nd base 2-2: Foul Ball, location: 2F 2-2: Strikes out swinging
|
Top of the 9th over - 0 run(s), 1 hit(s), 0 error(s), 1 left on base; St Charles 3 - San Francisco 0 |
BOTTOM OF THE 9TH |
San Francisco Bandits batting - Pitching for St Charles Sheens : RHP Juan Rivera
|
Pitching: LHP Rubén Martínez
|
|
Batting: LHB Jerry Bryan
|
0-0: Ball 1-0: Ball 2-0: Foul Ball, location: 2F 2-1: Swinging Strike 2-2: Foul Ball, location: 2F 2-2: Ball 3-2: Fly out, F4 (Line Drive, 4M)
|
Batting: RHB Dale Taylor
|
0-0: Swinging Strike 0-1: SOLO HOME RUN (Flyball, 7D), Distance : 385 ft
|
Batting: RHB Bob Orr
|
0-0: Ball 1-0: Fly out, F3 (Popup, 34)
|
Batting: RHB Emílio Bruno
|
0-0: Ball 1-0: Fly out, F9 (Flyball, 9D)
|
Bottom of the 9th over - 1 run(s), 1 hit(s), 0 error(s), 0 left on base; St Charles 3 - San Francisco 1 |
|